General information
- name: BNet
- type: Ladder team game (AT/RT)
- host: Battle.net
- saver: SWEET-M0NROE
map: MarketSquare
- players: 8
- length: 88:15
- speed: Fast
- version: 1.26 W3XP
- replay type: Public
» download(381 KB)
Players
team 1 (winner)

»
Burglekutt (
teal | 30 APM | 917 actions | 30:50)
5 Demon Hunter
2 Immolation
3 Evasion
5 Keeper of the Grove
3 Entangling Roots
2 Thorns Aura
» actions
| Assign group hotkey | 38 | |
| Build / train | 70 | |
| Enter build submenu | 21 | |
| Enter hero's abilities submenu | 10 | |
| Right click | 240 | |
| Select / deselect | 295 | |
| Select group hotkey | 188 | |
| Use ability | 55 | |
917 total
» units
| Wisp | 15 | |
| Archer | 6 | |
| Hippogryph | 11 | |
| Chimaera | 16 | |
48 total
» upgrades
| Strength of the Wild | 3 | |
| Reinforced Hides | 2 | |
| Corrosive Breath | 1 | |
| Well Spring | 1 | |
7 total
» buildings
| Moon Well | 7 | |
| Altar of Elders | 1 | |
| Ancient of War | 1 | |
| Tree of Ages | 1 | |
| Hunter's Hall | 1 | |
| Ancient of Wonders | 1 | |
| Tree of Eternity | 1 | |
| Ancient Protector | 3 | |
| Ancient of Wind | 1 | |
| Chimaera Roost | 2 | |
| Tree of Life | 1 | |
20 total
» build order
00:19 Moon Well
00:21 Altar of Elders
00:43 Ancient of War
02:00 Moon Well
03:01 Moon Well
03:32 Tree of Ages
04:28 Hunter's Hall
05:02 Ancient of Wonders
05:06 Moon Well
06:08 Tree of Eternity
06:11 Ancient Protector
06:17 Ancient Protector
06:50 Ancient of Wind
09:05 Chimaera Roost
09:08 Chimaera Roost
10:33 Moon Well
12:29 Moon Well
13:42 Moon Well
22:39 Ancient Protector
23:05 Tree of Life
» items
ItsObamanation (
green | 42 APM | 1170 actions | 27:58)
4 Death Knight
1 Death Coil
2 Unholy Aura
1 Death Pact
3 Dreadlord
2 Vampiric Aura
1 Sleep
2 Crypt Lord
1 Spiked Carapace
1 Carrion Beetles
» actions
| Assign group hotkey | 153 | |
| Build / train | 86 | |
| Enter build submenu | 22 | |
| Enter hero's abilities submenu | 9 | |
| Give item / drop item | 4 | |
| Right click | 434 | |
| Select / deselect | 244 | |
| Select group hotkey | 131 | |
| Use ability | 87 | |
1170 total
» units
| Acolyte | 15 | |
| Ghoul | 4 | |
| Crypt Fiend | 14 | |
| Gargoyle | 1 | |
| Frost Wyrm | 3 | |
37 total
» upgrades
| Creature Carapace | 3 | |
| Creature Attack | 3 | |
| Burrow | 1 | |
| Web | 1 | |
| Stone Form | 1 | |
| Freezing Breath | 2 | |
11 total
» buildings
| Altar of Darkness | 1 | |
| Ziggurat | 9 | |
| Crypt | 2 | |
| Graveyard | 1 | |
| Tomb of Relics | 2 | |
| Nerubian Tower | 3 | |
| Halls of the Dead | 2 | |
| Black Citadel | 1 | |
| Spirit Tower | 5 | |
| Necropolis | 1 | |
| Sacrificial Pit | 1 | |
| Boneyard | 2 | |
30 total
» build order
00:11 Altar of Darkness
00:15 Ziggurat
00:41 Crypt
00:59 Graveyard
01:32 Tomb of Relics
01:38 Ziggurat
02:21 Nerubian Tower
03:26 Halls of the Dead
06:15 Ziggurat
06:29 Ziggurat
06:51 Black Citadel
09:40 Spirit Tower
09:45 Nerubian Tower
10:01 Ziggurat
12:35 Ziggurat
12:37 Ziggurat
12:54 Necropolis
13:01 Ziggurat
13:28 Nerubian Tower
13:34 Spirit Tower
14:07 Spirit Tower
14:46 Halls of the Dead
15:03 Ziggurat
15:08 Sacrificial Pit
15:17 Tomb of Relics
16:28 Boneyard
16:31 Boneyard
16:36 Crypt
17:06 Spirit Tower
26:48 Spirit Tower
» items
| Rod of Necromancy | 2 | |
| Potion of Lesser Invulnerability | 1 | |
| Circlet of Nobility | 1 | |
| Scroll of Town Portal | 3 | |
| Orb of Fire | 1 | |
| Orb of Corruption | 1 | |
| Potion of Healing | 3 | |
12 total
SWEET-M0NROE (
blue | 38 APM | 3377 actions | 88:15)
7 Mountain King
3 Storm Bolt
2 Bash
1 Avatar
1 Thunder Clap
» actions
| Assign group hotkey | 71 | |
| Basic commands | 18 | |
| Build / train | 159 | |
| Enter build submenu | 29 | |
| Enter hero's abilities submenu | 7 | |
| Give item / drop item | 1 | |
| Right click | 1429 | |
| Select / deselect | 588 | |
| Select group hotkey | 893 | |
| Use ability | 182 | |
3377 total
» units
| Peasant | 41 | |
| Footman | 4 | |
| Dragonhawk Rider | 11 | |
| Gryphon Rider | 19 | |
75 total
» upgrades
| Lumber Harvesting | 2 | |
| Masonry | 4 | |
| Storm Hammers | 1 | |
| Cloud | 1 | |
| Animal War Training | 1 | |
| Swords | 2 | |
| Armor | 2 | |
13 total
» buildings
| Altar of Kings | 1 | |
| Barracks | 1 | |
| Farm | 13 | |
| Scout Tower | 25 | |
| Lumber Mill | 2 | |
| Arcane Tower | 2 | |
| Arcane Vault | 1 | |
| Town Hall | 2 | |
| Keep | 1 | |
| Guard Tower | 23 | |
| Castle | 2 | |
| Gryphon Aviary | 4 | |
| Blacksmith | 1 | |
78 total
» build order
00:08 Altar of Kings
00:23 Barracks
00:50 Farm
00:55 Farm
01:36 Scout Tower
01:48 Lumber Mill
02:16 Arcane Tower
02:30 Farm
03:17 Arcane Vault
04:31 Town Hall
04:39 Scout Tower
04:39 Scout Tower
04:40 Scout Tower
04:40 Scout Tower
04:49 Keep
05:11 Arcane Tower
05:21 Guard Tower
05:21 Guard Tower
05:33 Farm
05:47 Guard Tower
06:12 Scout Tower
06:13 Scout Tower
06:14 Scout Tower
06:14 Scout Tower
06:25 Scout Tower
06:25 Scout Tower
06:48 Guard Tower
06:56 Guard Tower
06:59 Guard Tower
06:59 Guard Tower
07:08 Scout Tower
07:08 Scout Tower
07:09 Scout Tower
07:11 Castle
07:11 Castle
07:17 Gryphon Aviary
07:22 Gryphon Aviary
07:39 Farm
07:41 Farm
07:59 Guard Tower
08:33 Guard Tower
08:42 Guard Tower
10:19 Gryphon Aviary
10:32 Gryphon Aviary
11:03 Guard Tower
11:03 Guard Tower
11:03 Guard Tower
11:38 Farm
11:38 Farm
15:01 Farm
15:01 Farm
15:02 Farm
15:02 Farm
15:03 Farm
15:58 Scout Tower
15:58 Scout Tower
16:23 Blacksmith
16:26 Guard Tower
16:26 Guard Tower
20:44 Town Hall
22:55 Lumber Mill
26:31 Scout Tower
26:31 Scout Tower
26:32 Scout Tower
26:33 Scout Tower
26:33 Scout Tower
26:33 Scout Tower
26:35 Guard Tower
27:11 Guard Tower
27:17 Guard Tower
27:17 Guard Tower
27:44 Guard Tower
28:15 Scout Tower
28:16 Scout Tower
29:01 Guard Tower
» items
| Scroll of Regeneration | 4 | |
| Mechanical Critter | 2 | |
| Orb of Fire | 1 | |
| Ivory Tower | 8 | |
| Scroll of Town Portal | 5 | |
| Scroll of Healing | 1 | |
| Potion of Lesser Invulnerability | 3 | |
| Periapt of Vitality | 2 | |
| Potion of Invisibility | 5 | |
| Staff of Teleportation | 1 | |
32 total
Drinky (
orange | 43 APM | 1470 actions | 34:30)
3 Dreadlord
1 Vampiric Aura
2 Carrion Swarm
» actions
| Assign group hotkey | 45 | |
| Basic commands | 19 | |
| Build / train | 61 | |
| ESC pressed | 2 | |
| Enter build submenu | 46 | |
| Enter hero's abilities submenu | 5 | |
| Remove unit from queue | 4 | |
| Right click | 424 | |
| Select / deselect | 656 | |
| Select group hotkey | 169 | |
| Use ability | 39 | |
1470 total
» units
| Acolyte | 10 | |
| Ghoul | 26 | |
| Frost Wyrm | 6 | |
| Chimaera | 1 | |
43 total
» upgrades
» buildings
| Crypt | 3 | |
| Ziggurat | 6 | |
| Altar of Darkness | 1 | |
| Tomb of Relics | 1 | |
| Halls of the Dead | 1 | |
| Graveyard | 1 | |
| Necropolis | 1 | |
| Black Citadel | 1 | |
| Spirit Tower | 5 | |
| Sacrificial Pit | 1 | |
| Boneyard | 2 | |
23 total
» build order
00:11 Crypt
00:17 Ziggurat
00:52 Altar of Darkness
01:15 Crypt
02:37 Ziggurat
02:49 Tomb of Relics
03:02 Ziggurat
03:32 Halls of the Dead
03:54 Graveyard
05:14 Ziggurat
07:10 Necropolis
08:10 Black Citadel
09:08 Crypt
09:15 Ziggurat
09:16 Ziggurat
10:09 Spirit Tower
10:49 Spirit Tower
10:49 Spirit Tower
10:50 Spirit Tower
10:51 Spirit Tower
12:18 Sacrificial Pit
13:12 Boneyard
13:20 Boneyard
» items
| Orb of Corruption | 1 | |
| Scroll of Town Portal | 1 | |
2 total
team 2 (loser)

»
m0xxa (
purple | 45 APM | 3927 actions | 88:12)
7 Tauren Chieftain
3 Endurance Aura
3 Shockwave
1 Reincarnation
7 Shadow Hunter
3 Hex
3 Healing Wave
1 Big Bad Voodoo
3 Pandaren Brewmaster
2 Drunken Brawler
1 Drunken Haze
» actions
| Assign group hotkey | 189 | |
| Basic commands | 78 | |
| Build / train | 112 | |
| ESC pressed | 7 | |
| Enter build submenu | 20 | |
| Enter hero's abilities submenu | 17 | |
| Give item / drop item | 1 | |
| Right click | 1607 | |
| Select / deselect | 623 | |
| Select group hotkey | 946 | |
| Use ability | 327 | |
3927 total
» units
| Peon | 16 | |
| Grunt | 4 | |
| Troll Witch Doctor | 12 | |
| Tauren | 9 | |
| Troll Batrider | 13 | |
| Wind Rider | 3 | |
| Raider | 1 | |
58 total
» upgrades
| Armor | 3 | |
| Witch Doctor Training | 2 | |
| Pulverize | 1 | |
| Reinforced Defenses | 1 | |
| Spiked Barricades | 2 | |
| Envenomed Spears | 1 | |
10 total
» buildings
| Altar of Storms | 1 | |
| Orc Burrow | 7 | |
| Barracks | 1 | |
| Stronghold | 2 | |
| Voodoo Lounge | 1 | |
| War Mill | 1 | |
| Fortress | 2 | |
| Spirit Lodge | 1 | |
| Tauren Totem | 2 | |
| Great Hall | 1 | |
| Beastiary | 3 | |
22 total
» build order
00:15 Altar of Storms
00:23 Orc Burrow
00:38 Barracks
01:37 Orc Burrow
03:02 Stronghold
03:03 Stronghold
03:49 Voodoo Lounge
05:07 War Mill
05:10 Orc Burrow
06:15 Fortress
06:16 Fortress
06:19 Spirit Lodge
07:23 Orc Burrow
08:44 Tauren Totem
10:24 Tauren Totem
10:34 Great Hall
11:53 Orc Burrow
11:55 Orc Burrow
15:25 Beastiary
16:45 Beastiary
18:50 Beastiary
22:56 Orc Burrow
» items
| Scroll of Town Portal | 5 | |
| Orb of Lightning | 1 | |
| Potion of Healing | 1 | |
| Potion of Lesser Invulnerability | 1 | |
8 total
ink718 (
yellow | 55 APM | 2084 actions | 37:40)
6 Blademaster
2 Wind Walk
2 Critical Strike
1 Bladestorm
1 Mirror Image
» actions
| Assign group hotkey | 40 | |
| Basic commands | 17 | |
| Build / train | 49 | |
| ESC pressed | 2 | |
| Enter build submenu | 25 | |
| Enter hero's abilities submenu | 5 | |
| Remove unit from queue | 7 | |
| Right click | 991 | |
| Select / deselect | 555 | |
| Select group hotkey | 240 | |
| Use ability | 153 | |
2084 total
» units
| Peon | 5 | |
| Wind Rider | 4 | |
| Troll Batrider | 12 | |
21 total
» upgrades
| Ranged Weapons | 1 | |
| Liquid Fire | 1 | |
| Witch Doctor Training | 1 | |
3 total
» buildings
| Orc Burrow | 9 | |
| Altar of Storms | 2 | |
| War Mill | 1 | |
| Voodoo Lounge | 1 | |
| Stronghold | 2 | |
| Fortress | 3 | |
| Beastiary | 5 | |
| Tauren Totem | 1 | |
| Spirit Lodge | 2 | |
| Great Hall | 1 | |
27 total
» build order
00:13 Orc Burrow
00:25 Altar of Storms
02:10 War Mill
02:12 Voodoo Lounge
02:49 Stronghold
02:49 Stronghold
05:21 Fortress
05:21 Fortress
05:24 Beastiary
05:25 Beastiary
05:27 Beastiary
05:31 Beastiary
05:33 Beastiary
06:14 Orc Burrow
06:16 Orc Burrow
06:19 Orc Burrow
06:22 Orc Burrow
07:31 Orc Burrow
12:48 Tauren Totem
12:50 Spirit Lodge
13:06 Spirit Lodge
18:33 Orc Burrow
18:34 Orc Burrow
18:36 Orc Burrow
22:15 Altar of Storms
25:07 Great Hall
» items
CaliRepublic (
red | 40 APM | 3499 actions | 88:12)
10 Blademaster
3 Wind Walk
3 Critical Strike
1 Bladestorm
3 Mirror Image
» actions
| Assign group hotkey | 27 | |
| Basic commands | 247 | |
| Build / train | 87 | |
| Enter build submenu | 83 | |
| Enter hero's abilities submenu | 10 | |
| Give item / drop item | 14 | |
| Remove unit from queue | 7 | |
| Right click | 1728 | |
| Select / deselect | 540 | |
| Select group hotkey | 334 | |
| Use ability | 422 | |
3499 total
» units
| Peon | 28 | |
| Grunt | 4 | |
| Troll Batrider | 6 | |
38 total
» upgrades
| Ranged Weapons | 4 | |
| Armor | 3 | |
| Reinforced Defenses | 1 | |
| Troll Regeneration | 1 | |
| Liquid Fire | 1 | |
10 total
» buildings
| Orc Burrow | 3 | |
| Altar of Storms | 1 | |
| Barracks | 1 | |
| Voodoo Lounge | 2 | |
| War Mill | 2 | |
| Watch Tower | 65 | |
| Great Hall | 4 | |
| Stronghold | 1 | |
| Fortress | 1 | |
| Spirit Lodge | 1 | |
| Beastiary | 4 | |
85 total
» build order
00:13 Orc Burrow
00:58 Orc Burrow
01:07 Altar of Storms
01:09 Barracks
02:12 Voodoo Lounge
02:40 War Mill
03:36 Orc Burrow
04:01 Watch Tower
04:04 Watch Tower
05:14 Great Hall
07:26 Stronghold
07:29 Watch Tower
07:29 Watch Tower
07:29 Watch Tower
07:30 Watch Tower
07:32 Watch Tower
07:33 Watch Tower
07:33 Watch Tower
07:37 Watch Tower
08:03 Watch Tower
08:04 Watch Tower
08:04 Watch Tower
08:08 Watch Tower
08:10 Watch Tower
10:27 Fortress
11:19 Watch Tower
11:20 Watch Tower
11:21 Watch Tower
12:25 Watch Tower
12:26 Watch Tower
12:27 Watch Tower
12:46 War Mill
14:02 Watch Tower
14:02 Watch Tower
14:04 Watch Tower
14:04 Watch Tower
16:18 Watch Tower
16:19 Watch Tower
16:19 Watch Tower
16:20 Watch Tower
16:20 Watch Tower
16:28 Watch Tower
16:28 Watch Tower
16:29 Watch Tower
17:26 Watch Tower
17:27 Watch Tower
18:20 Spirit Lodge
19:39 Beastiary
19:40 Beastiary
19:46 Beastiary
19:49 Beastiary
22:56 Great Hall
22:59 Watch Tower
22:59 Watch Tower
22:59 Watch Tower
23:00 Watch Tower
23:00 Watch Tower
23:01 Watch Tower
23:02 Watch Tower
23:02 Watch Tower
23:03 Watch Tower
23:17 Voodoo Lounge
38:17 Great Hall
38:20 Watch Tower
38:20 Watch Tower
38:21 Watch Tower
38:21 Watch Tower
38:22 Watch Tower
38:23 Watch Tower
38:23 Watch Tower
38:23 Watch Tower
38:30 Great Hall
38:33 Watch Tower
38:34 Watch Tower
38:34 Watch Tower
38:34 Watch Tower
38:36 Watch Tower
38:36 Watch Tower
38:36 Watch Tower
38:37 Watch Tower
38:41 Watch Tower
38:41 Watch Tower
38:41 Watch Tower
38:42 Watch Tower
» items
| Healing Salve | 3 | |
| Potion of Healing | 3 | |
| Lesser Clarity Potion | 2 | |
| Potion of Mana | 1 | |
| Orb of Lightning | 1 | |
| Periapt of Vitality | 1 | |
| Staff of Teleportation | 3 | |
| Scroll of Town Portal | 3 | |
| Tiny Great Hall | 1 | |
| Dust of Appearance | 2 | |
| Potion of Invisibility | 3 | |
| Potion of Lesser Invulnerability | 1 | |
24 total
435gt645f67if68 (
pink | 51 APM | 4485 actions | 88:12)
11 Warden
3 Fan of Knives
3 Blink
2 Spirit of Vengeance
3 Shadow Strike
» actions
| Assign group hotkey | 88 | |
| Basic commands | 300 | |
| Build / train | 137 | |
| Enter build submenu | 31 | |
| Enter hero's abilities submenu | 10 | |
| Give item / drop item | 1 | |
| Right click | 1825 | |
| Select / deselect | 529 | |
| Select group hotkey | 1348 | |
| Use ability | 216 | |
4485 total
» units
» upgrades
| Strength of the Moon | 3 | |
| Moon Armor | 3 | |
| Improved Bows | 1 | |
| Marksmanship | 1 | |
| Nature's Blessing | 1 | |
| Well Spring | 1 | |
| Strength of the Wild | 3 | |
| Reinforced Hides | 3 | |
| Ultravision | 1 | |
17 total
» buildings
| Moon Well | 15 | |
| Altar of Elders | 1 | |
| Ancient of War | 2 | |
| Hunter's Hall | 1 | |
| Tree of Ages | 5 | |
| Tree of Life | 2 | |
| Ancient Protector | 10 | |
| Tree of Eternity | 2 | |
| Ancient of Wonders | 1 | |
39 total
» build order
00:42 Moon Well
00:46 Altar of Elders
00:53 Ancient of War
01:39 Moon Well
02:34 Moon Well
02:44 Hunter's Hall
03:39 Tree of Ages
03:39 Tree of Ages
04:32 Moon Well
05:13 Moon Well
06:56 Ancient of War
07:21 Tree of Life
07:25 Ancient Protector
07:39 Ancient Protector
09:32 Tree of Eternity
09:33 Tree of Eternity
10:05 Ancient Protector
10:29 Ancient Protector
12:52 Ancient Protector
12:55 Ancient Protector
13:45 Ancient Protector
14:11 Ancient Protector
14:25 Ancient Protector
15:36 Moon Well
15:40 Moon Well
15:42 Moon Well
15:43 Moon Well
15:44 Moon Well
15:45 Moon Well
16:25 Ancient Protector
18:13 Ancient of Wonders
22:06 Moon Well
22:07 Moon Well
24:50 Moon Well
24:53 Moon Well
36:33 Tree of Life
61:55 Tree of Ages
61:55 Tree of Ages
» items
| Boots of Speed | 1 | |
| Scroll of Town Portal | 3 | |
| Scroll of Healing | 1 | |
5 total
Chat log
(00:21 / Allies) ItsObamanation: fiends air 3 heros
(00:31 / Allies) ItsObamanation: tower up
(00:31 / Allies) Drinky: masss ghou;ls
(00:34 / Allies) Burglekutt: archers to chims
(00:38 / Allies) SWEET-M0NROE: griffs copters
(01:23 / Allies) ItsObamanation: 20 or 21 food in ghouls then make fiends
(01:47 / Allies) ItsObamanation: ghouls for wood
(04:38 / Allies) ItsObamanation: lets meet mid
(04:45 / Allies) ItsObamanation: after i get rod
(05:22 / Allies) SWEET-M0NROE: wood
(05:33 / Allies) Burglekutt: out
(05:52 / Allies) ItsObamanation: fuck
(05:55 / Allies) Burglekutt: get towers
(06:01 / Allies) Burglekutt: if they rush wer are fucked
(06:19 / Allies) ItsObamanation: too bad i dont have map hacks
(06:24 / Allies) ItsObamanation: i would of saw them
(06:37 / Allies) SWEET-M0NROE: wood me niggas
(06:39 / Allies) ItsObamanation: if you noob have hacks you need to say something
(06:56 / Allies) Drinky: there
(06:58 / Allies) Drinky: nig
(07:02 / Allies) SWEET-M0NROE: thx
(07:06 / Allies) Drinky: yw
(07:14 / Allies) Drinky: honey buns
(07:22 / Allies) ItsObamanation: fuck
(07:24 / Allies) ItsObamanation: they fucked me
(07:30 / Allies) ItsObamanation: now im wating on hero
(07:41 / Allies) ItsObamanation: fuck
(07:50 / Allies) ItsObamanation: mass grunts
(07:52 / Allies) ItsObamanation: 2 orc
(10:56 / Allies) Burglekutt: ziggs by mine. lets attack soon
(11:26 / Allies) ItsObamanation: u see them?
(11:30 / Allies) ItsObamanation: u gonna go or what
(11:54 / Allies) ItsObamanation: made me run this far
(11:58 / Allies) ItsObamanation: o fuckign wel
(12:02 / Allies) Burglekutt: orange what are you getting
(12:22 / Allies) Drinky: frosties
(12:25 / Allies) SWEET-M0NROE: GREEN
(12:27 / Allies) ItsObamanation: im
(12:29 / Allies) SWEET-M0NROE: FUCKING GO TO MY EXPO U RETARD
(12:42 / Allies) ItsObamanation: i onlycare about me
(12:45 / Allies) ItsObamanation: i need to secure expo
(12:50 / Allies) SWEET-M0NROE: wow
(13:09 / All) CaliRepublic: orange sux
(13:17 / All) 435gt645f67if68: TOTAL NOOB UNDEAD
(13:33 / Allies) Drinky: wow
(13:37 / Allies) Drinky: help me
(13:51 / Allies) ItsObamanation: sleep him
(13:51 / Allies) Burglekutt: oragne what are you doing
(13:52 / Allies) ItsObamanation: nob
(14:00 / Allies) Drinky: frosties
(14:11 / All) CaliRepublic: oirange you not good
(14:13 / All) CaliRepublic: you're bad
(14:25 / Allies) Drinky: but its my bday
(14:35 / Allies) Drinky: u cant be mean to me
(14:47 / Allies) Drinky: dont worry
(14:54 / Allies) Drinky: ill have my mine back up in a jiffy
(15:04 / Allies) Drinky: and 2 frosties
(15:07 / All) CaliRepublic: orange worst on all of bnet!
(15:24 / Allies) Drinky: im the best
(15:31 / Allies) Drinky: watch my skills
(15:37 / Allies) SWEET-M0NROE: green come faggot
(15:38 / Allies) Drinky: gold ?
(15:39 / Allies) SWEET-M0NROE: lets hit yellow
(15:47 / Allies) Drinky: for frosties
(16:05 / Allies) Drinky: k
(16:11 / Allies) Drinky: gold mine is back up and running
(16:38 / Allies) Drinky: blue !
(16:41 / Allies) Drinky: gold!
(16:47 / Allies) Drinky: for frosties
(16:47 / Allies) SWEET-M0NROE: ive been getting hit all game
(16:53 / Allies) Drinky: me too
(16:57 / Allies) Drinky: i even lot my mmine
(17:00 / Allies) Drinky: lost
(17:03 / Allies) SWEET-M0NROE: green quit being a nigger and hit with me
(17:07 / Allies) SWEET-M0NROE: dumb fuckface
(17:10 / Allies) Burglekutt: blue can you spare some gold
(17:57 / Allies) SWEET-M0NROE: why tp
(17:58 / Allies) SWEET-M0NROE: wow
(18:02 / Allies) ItsObamanation: because
(18:04 / Allies) ItsObamanation: hes dead
(18:06 / Allies) ItsObamanation: no burrows
(18:10 / Allies) ItsObamanation: tauren
(18:12 / Allies) ItsObamanation: no melee
(19:13 / Allies) Burglekutt: lets meet
(19:17 / Allies) SWEET-M0NROE: TP
(19:17 / Allies) SWEET-M0NROE: TP
(19:21 / Allies) Burglekutt: tp
(19:43 / All) Drinky: wtf
(19:48 / All) Drinky: i had to piss
(19:52 / All) Drinky: then my mine is gone again
(19:58 / All) Drinky: wtf..
(20:11 / All) CaliRepublic: I got it newbie
(21:00 / All) 435gt645f67if68: didn't notice those were enemy wyrms
(21:11 / All) Drinky: Yep
(21:12 / Allies) Burglekutt: counter now
(21:14 / All) Drinky: thier mine
(21:18 / Allies) Burglekutt: get his hall
(21:29 / Allies) Drinky: 100 gold
(21:31 / Allies) Drinky: for mine
(21:42 / Allies) Drinky: hurry
(21:43 / All) SWEET-M0NROE: ur such a nigger yellow
(22:39 / Allies) Drinky: 100 gold
(22:40 / Allies) Drinky: for mine
(22:41 / Allies) Drinky: wow
(22:51 / Allies) ItsObamanation: get the bm
(22:53 / Allies) ItsObamanation: fuck bitch
(23:00 / Allies) Drinky: didnt see him
(24:49 / Allies) Burglekutt: green meet with me
(24:54 / Allies) Burglekutt: we all need to get togeher
(25:03 / All) CaliRepublic: WE WERE OUT THERE HAVING FUN
(25:05 / All) CaliRepublic: IN THE WARM
(25:10 / All) CaliRepublic: CALIFORNIA SUN
(25:46 / All) 435gt645f67if68: elf is good
(25:47 / All) Drinky: shit team
(25:50 / All) 435gt645f67if68: mass the same t1 unit all game
(25:52 / All) 435gt645f67if68: and kill t3
(25:59 / All) ItsObamanation: fuckign noob team damnit
(26:03 / All) 435gt645f67if68: lol
(26:04 / All) CaliRepublic: lol
(26:05 / All) 435gt645f67if68: you were part of it
(26:09 / All) 435gt645f67if68: you and orange total noobs\4
(26:13 / All) CaliRepublic: mess with the best
(26:15 / All) CaliRepublic: die like the rest, newbie
(26:16 / All) Drinky: total noobs
(26:19 / All) ItsObamanation: nice map hacks poser
(26:27 / All) Drinky: now i have nothing left
(26:31 / All) ItsObamanation: we're playign without hacks
(26:34 / All) ItsObamanation: dumb poser bitch
(26:38 / Allies) Burglekutt: blue spend gold
(26:47 / All) CaliRepublic: Time to die, newbie
(26:57 / All) Drinky: there
(27:16 / All) Drinky: fucking red bm
(27:21 / All) Drinky: pissin me off
(27:30 / Allies) ItsObamanation: 1 hero noobs
(27:33 / All) Drinky: kills my gold mine like 20 times
(27:34 / All) ItsObamanation: my team is 1 hero noobs
(27:37 / All) ItsObamanation: liek you posers
(27:40 / All) ItsObamanation: stupid cunts
(27:40 / All) CaliRepublic: lawl
(27:47 / All) 435gt645f67if68: lol
(27:49 / All) CaliRepublic: you all had units
(27:51 / All) 435gt645f67if68: I have 80 food archers
(27:53 / All) ItsObamanation: thats how it started
(27:58 / Allies) Burglekutt: blue get units.. too late for towers
(28:01 / All) 435gt645f67if68: I have 3 contol groups of noob elf units
(28:06 / All) CaliRepublic: how mad he wasw
(28:12 / All) 435gt645f67if68: how mad you ae bros
(28:14 / All) 435gt645f67if68: how mad you are
(28:16 / All) Drinky: then we have fucking pink massing archers to counter my forsoties, like wtf..
(28:27 / All) Drinky: frosties
(28:30 / All) 435gt645f67if68: woked pretty well
(28:33 / All) 435gt645f67if68: i think
(28:36 / All) 435gt645f67if68: I just got the game today
(28:40 / All) 435gt645f67if68: just finished the elf campaign
(28:43 / All) 435gt645f67if68: sitll beat ur ass
(28:43 / All) Drinky: like who does that
(28:48 / All) 435gt645f67if68: never even seen ur dragon shit bfore
(29:10 / All) SWEET-M0NROE: purple there is no fucking way u knew my bats were there
(29:12 / All) SWEET-M0NROE: faggot hacker
(29:21 / All) Drinky: yeah purple
(29:24 / All) Drinky: bitch
(29:25 / All) m0xxa: watch replay
(29:31 / All) m0xxa: noob
(29:47 / All) m0xxa: watch the replay
(29:51 / All) SWEET-M0NROE: leave
(29:54 / All) Drinky: nah
(29:56 / All) Drinky: fuck that
(30:26 / All) Drinky: you guys let me down big time
(30:29 / All) m0xxa: it's called sentry ward
(30:30 / All) m0xxa: noobs
(31:07 / Allies) Drinky: red
(31:09 / All) Drinky: red
(31:12 / All) Drinky: just leave
(31:17 / All) CaliRepublic: why
(31:18 / All) SWEET-M0NROE: this game was so gay for me , yellow and purple batt'd me all game
(31:26 / All) 435gt645f67if68: why would we leave
(31:32 / All) Drinky: cuz ur mean to my mine
(31:33 / All) ink718: bro red didnt play
(31:38 / All) ink718: red has 15k gold
(31:44 / All) ink718: 16k
(32:11 / All) Drinky: lol red team killing
(32:12 / All) ink718: check replay
(32:30 / All) Drinky: LOL
(32:32 / All) Drinky: GET EM RED
(32:52 / All) Drinky: LOL
(32:54 / All) Drinky: LFUCKIN
(32:56 / All) Drinky: LOL
(33:24 / All) SWEET-M0NROE: such a try hard nigger purple
(33:30 / All) SWEET-M0NROE: tauren casters bats in 4s?
(33:33 / All) SWEET-M0NROE: nigger try hard
(33:43 / All) m0xxa: i'm getting backstabbed
(33:46 / All) m0xxa: why
(33:49 / All) SWEET-M0NROE: stfu cry baby
(33:51 / All) SWEET-M0NROE: u dead
(34:07 / All) CaliRepublic: CRY BABY CRY
(34:10 / All) CaliRepublic: MAKE YOUR MAMA SAD
(34:14 / All) CaliRepublic: YOU'RE OLD ENOUGH TO KNOW BETTER
(34:17 / All) CaliRepublic: SO CRY BABY CRY
(35:13 / All) CaliRepublic: PURPLE AND YELLOW ARE BACKSTABBERS
(35:31 / All) CaliRepublic: YOU TKED!
(35:37 / All) SWEET-M0NROE: out noob purple
(35:40 / All) SWEET-M0NROE: out
(38:48 / All) 435gt645f67if68: only purple is left
(38:51 / All) 435gt645f67if68: kill your shit bob
(40:13 / All) CaliRepublic: You came to the wrong neighborhood, boi
(43:43 / All) SWEET-M0NROE: wc3 patch
(43:46 / All) SWEET-M0NROE: 1.27
(44:25 / All) SWEET-M0NROE: menat purple he is whispeirng me lol
(44:41 / All) CaliRepublic: Purple let's not have any secret liasons
(44:44 / All) SWEET-M0NROE: i dunt know who they are
(44:50 / All) m0xxa: blue
(44:52 / All) SWEET-M0NROE: what
(44:53 / All) m0xxa: watch the replay
(44:55 / All) m0xxa: i had sentry wards
(44:59 / All) CaliRepublic: Purple was maphacker
(45:00 / All) SWEET-M0NROE: ok man, i believe u
(45:03 / All) CaliRepublic: for this he had to be punished
(45:09 / All) m0xxa: i had a sentry ward in ur base that saw ur gryphons
(45:15 / All) SWEET-M0NROE: if they are tking u, i dont get why u still here purple
(45:17 / All) m0xxa: dude i was dropping sentry wards all game
(45:29 / All) m0xxa: i wanna see u win
(46:13 / All) m0xxa: i don't get why they are doing this
(46:22 / All) CaliRepublic: you are tk and mher
(46:33 / All) m0xxa: why do you think i hack?
(46:35 / All) SWEET-M0NROE: check link on trillian
(46:38 / All) CaliRepublic: because you do
(46:46 / All) m0xxa: why do you think that?
(46:59 / All) CaliRepublic: because you've given ample evidence
(47:05 / All) CaliRepublic: and I have the documents to prove it
(47:06 / All) m0xxa: how?
(47:12 / All) CaliRepublic: stop playing stupid
(47:17 / All) 435gt645f67if68: hacker down
(47:18 / All) CaliRepublic: I know you're stupid but stop playing
(49:18 / All) m0xxa: i'm streaming
(49:21 / All) m0xxa: so you can see i don't hack
(49:39 / All) m0xxa: blue are these guys your friends?
(50:56 / All) CaliRepublic: what's your stream
(50:58 / All) 435gt645f67if68: you're a streame?
(51:00 / All) 435gt645f67if68: link?
(51:13 / All) 435gt645f67if68: did we just rape a streamer LOL
(51:22 / All) 435gt645f67if68: http://highper.ch check out our replays
(51:52 / All) CaliRepublic: what's your stream bro
(52:53 / All) CaliRepublic: share your stream, I'll subscribe
(53:37 / All) m0xxa: why would you subscribe you just backstabbed me for no reason
(53:53 / All) CaliRepublic: it's offline
(54:17 / All) CaliRepublic: see I knew you hax
(54:23 / All) 435gt645f67if68: 2 followes and you're not currently streaming
(54:29 / All) 435gt645f67if68: no viewers or past broadcasts
(56:33 / All) m0xxa: ok now my twitch is on
(56:42 / All) m0xxa: i had to update my stream key
(56:53 / All) SWEET-M0NROE: wut is twitch
(57:01 / All) m0xxa: it lets you see my screen
(57:04 / All) CaliRepublic: HI MOM
(57:13 / All) m0xxa: so you know i don't hack
(57:20 / All) CaliRepublic: you just hid your maphack
(57:21 / All) SWEET-M0NROE: wut ur usnermae
(57:26 / All) m0xxa: iamcpc
(57:45 / All) m0xxa: what do you mean i hid my maphack?
(58:23 / All) m0xxa: blue you can't make dragonhawks
(58:29 / All) m0xxa: your only hope is to kill his blademaster
(59:13 / All) CaliRepublic: lol
(59:21 / All) CaliRepublic: raped
(59:28 / All) 435gt645f67if68: 4 viewers, legit
(59:51 / All) m0xxa: lol
(59:57 / All) m0xxa: doesn't matter
(60:00 / All) m0xxa: i still get a loss
(60:11 / All) m0xxa: cuz you want to backstab
(60:12 / All) SWEET-M0NROE: u can get a win if u gift them a sgame on steam
(60:34 / All) SWEET-M0NROE: gift steam game plz purple
(60:43 / All) 435gt645f67if68: gift me a steam game and you can still win
(60:52 / All) m0xxa: i know you're full of shit
(61:04 / All) 435gt645f67if68: I made $3 from selling a win on paypal before
(61:05 / All) m0xxa: i know i'll gift you a game and you will still be gay and make it so i can't win
(61:08 / All) 435gt645f67if68: and I gave him a win
(61:17 / All) SWEET-M0NROE: they would
(61:18 / All) 435gt645f67if68: I honoured the transaction
(61:34 / All) m0xxa: eh this win's not worth 3 dollars
(61:44 / All) CaliRepublic: fucking cheapskate jew
(61:49 / All) CaliRepublic: any victory is worth everything!
(61:54 / All) m0xxa: not to me
(62:15 / All) m0xxa: it's funny cuz blue could win
(62:27 / All) m0xxa: blue go to upper left there is a ton of peons
(62:31 / All) m0xxa: you can lvl up your hero
(62:38 / All) m0xxa: there are peons heading to mid
(62:42 / All) CaliRepublic: FUCKING TRAITOR
(62:49 / All) m0xxa: ditto
(62:52 / All) SWEET-M0NROE: gift me a game purp and ill kill my base
(63:01 / All) m0xxa: nah
(63:02 / All) CaliRepublic: you betrayed us first
(63:03 / All) m0xxa: they won't let you
(63:05 / All) CaliRepublic: YOU BETRAYED THE LAW
(63:11 / All) SWEET-M0NROE: do it mang
(63:23 / All) m0xxa: i'm not stupid
(63:24 / All) SWEET-M0NROE: wut game would u gift
(63:26 / All) SWEET-M0NROE: if u did
(63:53 / All) m0xxa: they won't let you end the game
(65:01 / All) SWEET-M0NROE: cant wait for the bm mana nerf patch
(65:10 / All) CaliRepublic: traitor
(65:12 / All) m0xxa: well he's level 10
(65:19 / All) m0xxa: gotten tomes of int and stuff
(65:25 / All) SWEET-M0NROE: purp i have 3 buildings left
(65:37 / All) m0xxa: so?
(65:41 / All) SWEET-M0NROE: ill leave one so u have time to gift me
(65:48 / All) m0xxa: he won't let you kill your last building
(66:02 / All) SWEET-M0NROE: i suck at mirror image ugotta tell me which one is real
(66:10 / All) SWEET-M0NROE: also get ready to gift me the game
(66:16 / All) m0xxa: nah
(66:29 / All) SWEET-M0NROE: y u being a whore
(66:35 / All) m0xxa: i lose
(66:37 / All) SWEET-M0NROE: new 1.27 wc3 patch inc
(66:44 / All) 435gt645f67if68: that patch sounds fake as fuck
(66:49 / All) 435gt645f67if68: no way they patch for the first time since 2011
(66:57 / All) 435gt645f67if68: and IF it's real, I will be pissed if there's no new map pool
(67:00 / All) m0xxa: even if i gift you a game i still lose
(67:08 / All) 435gt645f67if68: no, you have my word
(67:11 / All) SWEET-M0NROE: gift me
(67:13 / All) m0xxa: they won't let you win
(67:15 / All) SWEET-M0NROE: valkyria chronicles
(67:28 / All) SWEET-M0NROE: k?
(67:37 / All) SWEET-M0NROE: valkyria chronicles for pc on steam
(67:59 / All) SWEET-M0NROE: red mh?
(68:00 / All) m0xxa: i lose
(68:08 / All) m0xxa: i don't know if he hacks or not
(68:15 / All) m0xxa: i can't tell
(68:19 / All) m0xxa: you're revealed anyway
(68:28 / All) SWEET-M0NROE: warnme about bm fool
(68:29 / All) SWEET-M0NROE: wow
(68:35 / All) m0xxa: blue you win
(68:39 / All) m0xxa: they are killing our last building
(68:43 / All) m0xxa: so just wait
(68:43 / All) SWEET-M0NROE: are u slow
(68:45 / All) m0xxa: and you will win
(68:52 / All) SWEET-M0NROE: gift me the game at least
(68:58 / All) m0xxa: nope
(69:02 / All) CaliRepublic: like sands in the hourglass, these are the days of our lives
(69:50 / All) m0xxa: blue i know you're friends with these guys
(71:13 / All) m0xxa: how is the tree of ages healing??
(71:18 / All) m0xxa: if it's not being repaird
(71:26 / All) m0xxa: red look at the tree
(71:27 / All) CaliRepublic: it's a biological unit
(71:34 / All) m0xxa: ot
(71:38 / All) m0xxa: it's a building
(71:49 / All) CaliRepublic: It's a biological unit
(71:55 / All) CaliRepublic: that can move
(71:59 / All) CaliRepublic: and eat trees
(72:00 / All) m0xxa: yeah red hacks
(72:06 / All) CaliRepublic: lol!
(72:13 / All) CaliRepublic: he already revealed that fiend
(72:16 / All) CaliRepublic: by attacfking the peon
(72:50 / All) m0xxa: gg blue
(74:19 / All) m0xxa: if you send ur air units to the middle right
(74:24 / All) m0xxa: our last building is at 2 hp
(74:25 / All) m0xxa: you can win
(74:33 / All) m0xxa: middle right expo
(74:35 / All) SWEET-M0NROE: im there but im not gonna do it til i get my gift
(75:06 / All) m0xxa: just send ur air man
(75:13 / All) SWEET-M0NROE: GIFT FIRST
(75:18 / All) m0xxa: nope
(75:36 / All) SWEET-M0NROE: how the fuck am i blocked
(75:44 / All) m0xxa: warden
(75:48 / All) m0xxa: you were surrounded
(75:56 / All) m0xxa: tree is healing now man
(76:00 / All) m0xxa: just win
(76:22 / All) SWEET-M0NROE: u think patch notes are fake purp?
(76:34 / All) m0xxa: they are not patching this game anymore
(76:38 / All) m0xxa: this game is dead
(78:11 / All) SWEET-M0NROE: is purp stream really going on
(78:14 / All) m0xxa: why don't you build some batriders and kill the hawks?
(78:24 / All) m0xxa: yeah i'm streaming
(79:11 / All) m0xxa: pink/red you do this for fun don't you
(79:15 / All) m0xxa: i think you've done this before
(79:25 / All) CaliRepublic: nope never have
(79:26 / All) m0xxa: made mass towers, made the game unwinnable, then quit
(79:32 / All) SWEET-M0NROE: which game
(79:37 / All) SWEET-M0NROE: wut map
(79:51 / All) m0xxa: red did the same thing under another name
(80:13 / All) m0xxa: made a hero, made 5 expansions, saved 7000+ gold then backstabbed
(80:41 / All) SWEET-M0NROE: 26:22 / Allies) m0xxa: i didn't expand there cuz the orc was killing that expansions(26:24 / Allies) m0xxa: w/e
(81:02 / All) m0xxa: hahaha so you are friends
(81:52 / All) CaliRepublic: are you just gonna sit there jake?
(82:29 / All) CaliRepublic: I'll give you some time on it
(82:50 / All) m0xxa: so you all 3 search 4's then make the game unwinnable?
(82:55 / All) SWEET-M0NROE: GIFT
(82:57 / All) SWEET-M0NROE: THEN TALK
(83:01 / All) SWEET-M0NROE: NO GIFT= NO TALK
(83:27 / All) SWEET-M0NROE: TRICKY cunt
(83:35 / All) m0xxa: you talked lol
(84:16 / All) CaliRepublic: did they died
(84:26 / All) SWEET-M0NROE: OMW TO TREE
(84:49 / All) CaliRepublic: now they died
(84:53 / All) SWEET-M0NROE: THX for warning prup
(84:58 / All) SWEET-M0NROE: poopy head
(85:32 / All) m0xxa: so blue was the guy who backstabbed me in that other game lol
(85:35 / All) m0xxa: well blue wins
(85:43 / All) m0xxa: this game you all fucked up
(86:19 / All) CaliRepublic: did they have any catchphrases or witty one liners
(86:31 / All) SWEET-M0NROE: purple u should have sided with me
(86:39 / All) SWEET-M0NROE: u and me could have takenthem
(86:48 / All) SWEET-M0NROE: green talked a lot of shit i wasnt listening tho
(86:53 / All) m0xxa: you are friends with them
(87:02 / All) m0xxa: besides you win
(87:14 / All) m0xxa: you 3 can't make this game unwinnable
(87:21 / All) m0xxa: this game will have a winner
(87:31 / All) SWEET-M0NROE: wat
(87:38 / All) m0xxa: blue you are going to win
(87:43 / All) SWEET-M0NROE: why
(87:48 / All) CaliRepublic: I not stop peon this time
(87:51 / All) SWEET-M0NROE: they can decide who wins
(87:57 / All) CaliRepublic: Peon gonna do werk
(88:03 / All) m0xxa: Gg
(88:09 / All) CaliRepublic: LIKE SAND IN AN HOUR GLASS
(88:12 / All) CaliRepublic: THESE ARE THE DAYS OF ORU LIVes